 Dungeon Crawl Stone Soup version 0.26-a0-670-g578ab304f5 (webtiles) character file.

Game seed: 6624494541825353455

878 Hypoxia the Cleaver (level 7, 32/62 HPs)
             Began as a Deep Dwarf Delver on Oct 19, 2020.
             Quit the game in the Ecumenical Temple.
             The game lasted 00:08:31 (737 turns).

Hypoxia the Cleaver (Deep Dwarf Delver)              Turns: 737, Time: 00:08:31

Health: 32/62      AC: 12    Str: 17    XL:     7   Next: 75%
Magic:  5/5        EV:  6    Int: 11    God:
Gold:   60         SH:  0    Dex: 14    Spells: 6/6 levels left

rFire    . . .     SeeInvis .   a - +0 hand axe
rCold    . . .     Faith    .   (no shield)
rNeg     . . .     Spirit   .   k - +0 plate armour
rPois    .         Reflect  .   f - +0 helmet
rElec    .         Harm     .   (no cloak)
rCorr    .         Rampage  .   (no gloves)
MR       +....                  (no boots)
Stlth    ..........             (no amulet)
HPRegen  0.00/turn              (no ring)
MPRegen  0.09/turn              (no ring)

@: non-regenerating
A: damage resistance, heal wounds, sense surroundings 1, no regeneration
a: Heal Wounds


You were in the Ecumenical Temple.
You visited 2 branches of the dungeon, and saw 5 of its levels.

You collected 60 gold pieces.

Inventory:

Hand Weapons
 a - a +0 hand axe (weapon)
Armour
 f - a +0 helmet (worn)
 k - a +0 plate armour (worn)
Wands
 D - a wand of digging (3)
Scrolls
 c - a scroll of fog
 d - 2 scrolls of identify {unknown}
 e - a scroll of fear
 g - a scroll of immolation {unknown}
 h - a scroll of enchant weapon {unknown}
 i - a scroll of remove curse {unknown}
 j - a scroll of amnesia {unknown}
 M - a scroll of magic mapping
Potions
 l - a potion of heal wounds {unknown}
 m - a potion of berserk rage {unknown}
 H - a potion of haste {@q3}
 Q - a potion of curing {@q1}


   Skills:
 - Level 3.0 Fighting
 + Level 8.8 Axes
 * Level 3.9 Armour
 - Level 2.1 Dodging
 - Level 6.0 Stealth


You had 6 spell levels left.
You didn't know any spells.
Your spell library was empty.

Dungeon Overview and Level Annotations

Branches:
Dungeon (7/15)             Temple (1/1) D:7

Altars:
Cheibriados
Dithmenos
Elyvilon
Fedhas
Gozag
Hepliaklqana
Qazlal
Trog
Uskayaw
Vehumet
Wu Jian
Xom
Yredelemnul
Zin
The Shining One


Innate Abilities, Weirdness & Mutations

You are resistant to damage.
You can heal yourself by infusing magical energy.
You passively map a small area around you.
You do not regenerate.


Message History

You closely miss the orc.
The jackal bites you but does no damage.
The orc barely misses you.
You hit the jackal.
The jackal is severely wounded.
You closely miss the orc. The jackal barely misses you.
The orc hits you but does no damage.
The jackal splashes around in the water.
You hit the jackal.
You kill the jackal!
You hit the orc. The orc hits you but does no damage.
You enter the shallow water.
Moving in this stuff is going to be slow.
The orc barely misses you.
You enter the shallow water.
Moving in this stuff is going to be slow.
Found a snail-covered altar of Cheibriados.
You enter the shallow water.
Moving in this stuff is going to be slow.
Are you sure you want to abandon this character and quit the game? (Confirm with "yes".)

######### #.......#
#####.......#
###.......<...#
#####......#......#
###o@....._.........#
#######.............#######
#........._.......###..
#......#......#####.... ,*
#..._.......#≈#......._ ,
#.......#####..........
#.....#≈#......._...... ,,
#######.............###
........._.......#≈# *


You could see an orc.

Vanquished Creatures
  The ghost of Turbonekonecno the Stinger, a novice OpVM
  A water moccasin
  An ice beast
  An ogre
  A bullfrog zombie
  A jelly
  2 hounds
  3 orc wizards
  2 worker ants
  A howler monkey skeleton
  3 gnolls
  2 adders
  An ufetubus
  A leopard gecko
  9 orcs
  A giant cockroach
  7 jackals
  2 quokkas
  A quokka skeleton
41 creatures vanquished.

Notes
Turn   | Place    | Note
-------+----------+-------------------------------------------
     0 | D:5      | Hypoxia the Deep Dwarf Delver began the quest for the Orb.
     0 | D:5      | Reached XP level 1. HP: 20/20 MP: 1/1
    73 | D:5      | Noticed a worker ant
    85 | D:5      | Killed a worker ant
    85 | D:5      | Reached skill level 3 in Axes
    85 | D:5      | Reached XP level 2. HP: 12/27 MP: 2/2
    85 | D:5      | Reached XP level 3. HP: 14/33 MP: 3/3
    88 | D:5      | Reached skill level 4 in Axes
   146 | D:5      | Noticed an ogre
   165 | D:5      | Killed an ogre
   165 | D:5      | Reached skill level 5 in Axes
   165 | D:5      | Reached XP level 4. HP: 40/40 MP: 4/4
   241 | D:5      | Found a runed translucent door.
   241 | D:5      | Noticed Turbonekonecno's ghost (novice OpVM)
   279 | D:5      | HP: 8/40 [Turbonekonecno's ghost (18)]
   284 | D:5      | Killed Turbonekonecno's ghost
   284 | D:5      | Reached skill level 7 in Axes
   284 | D:5      | Reached XP level 5. HP: 29/46 MP: 4/4
   284 | D:5      | Reached XP level 6. HP: 35/55 MP: 5/5
   352 | D:6      | Noticed an ice beast
   363 | D:6      | HP: 7/55 [ice beast (9)]
   363 | D:6      | Noticed a water moccasin
   369 | D:6      | Killed an ice beast
   369 | D:6      | Reached skill level 8 in Axes
   380 | D:6      | Reached XP level 7. HP: 39/61 MP: 5/5
   387 | D:6      | Reached skill level 1 in Armour
   393 | D:6      | Reached skill level 3 in Fighting
   489 | D:6      | Reached skill level 2 in Armour
   530 | D:6      | Reached skill level 3 in Armour
   654 | D:7      | Found a staircase to the Ecumenical Temple.
   666 | Temple   | Entered the Ecumenical Temple
   737 | Temple   | Quit the game

Illustrated notes

Levels and vault maps discovered:
D:4:      layout_cave_pods, nicolae_overflow_hidden_temple, grunt_ministairs_14,
          fedhas_ov_isle_minmay, uniq_blork_the_orc
D:5:      layout_gridville, gammafunk_ghost_grave, minmay_hollow_rounded_squares
D:6:      layout_basic, old_standard_altar
D:7:      layout_loops_ring, gammafunk_temple_overflow_pools,
          minmay_temple_entry_drinking_statues, serial_shops, shop, basic_altar,
          yredelemnul_altar_generic
Temple:   regret_index_temple_waves

Skill      XL: |  1  2  3  4  5  6  7 |
---------------+----------------------+-----
Axes           | 3 5 7 8 |  8.8
Armour         | 3 |  3.9
Fighting       | 3 |  3.0
Dodging        | |  2.1
Stealth        | |  6.0

Action                   |  1- 3 |  4- 6 |  7- 9 || total
-------------------------+-------+-------+-------++-------
Melee: Hand axe          |    28 |    68 |    93 ||   189
 Abil: Heal Wounds       |     3 |     8 |     2 ||    13
  Use: Potion            |       |     1 |       ||     1
 Stab: Sleeping          |       |     1 |       ||     1
Armor: Leather armour    |    15 |    19 |     1 ||    35
       Plate armour      |       |       |   132 ||   132
Dodge: Dodged            |    44 |    55 |    60 ||   159

Table legend: (Time is in decaauts)
 A = Elapsed time spent in this place.
 B = Non-inter-level travel time spent in this place.
 C = Inter-level travel time spent in this place.
 D = Time resting spent in this place.
 E = Time spent auto-exploring this place.
 F = Levels seen in this place.
 G = Mean time per level.
                   A        B        C        D        E       F      G
               +--------+--------+--------+--------+--------+-----+--------+
         Total |    734 |    725 |      9 |      0 |      0 |   5 |  146.8 |
       Dungeon |    661 |    652 |      9 |      0 |      0 |   4 |  165.2 |
        Temple |     73 |     73 |      0 |      0 |      0 |   1 |   73.0 |
               +--------+--------+--------+--------+--------+-----+--------+

Top non-repeatable levels by time:
     D:5: 336 daAuts
     D:6: 242 daAuts
  Temple: 73 daAuts
     D:4: 52 daAuts
     D:7: 30 daAuts
